 Dungeon Crawl Stone Soup version 0.31-a0-1008-g5b978dac0e (webtiles) character file.

Game seed: 16567590645629649159

11 Angani the Trooper (level 2, 16/16 HPs)
             Began as a Vine Stalker Chaos Knight on Sept 28, 2023.
             Was a Plaything of Xom.
             Quit the game on level 1 of the Dungeon on Nov 13, 2023.
             The game lasted 00:02:35 (183 turns).

Angani the Trooper (Vine Stalker Chaos Knight)       Turns: 183, Time: 00:02:35

Health: 16/16      AC:  5    Str: 14    XL:     2   Next: 25%
Magic:  3/3        EV: 11    Int: 12    God:    Xom [..*...]
Gold:   31         SH:  0    Dex: 13    Spells: 1/1 levels left

rFire   . . .        a - +0 falchion (chaos)
rCold   . . .        (no shield)
rNeg    . . .        b - +2 leather armour
rPois   .            (no helmet)
rElec   .            (no cloak)
rCorr   .            (no gloves)
SInv    .            (no boots)
Will    .....        (no amulet)
Stlth   +            (no ring)
HPRegen 1.02/turn    (no ring)
MPRegen 0.08/turn

%: guardian spirit
@: no status effects
A: fangs 2, regeneration 1, magic shield, antimagic bite, no potion heal 2
a: Renounce Religion


You were on level 1 of the Dungeon.
You worshipped Xom.
You were a toy of Xom.
You visited 1 branch of the dungeon, and saw 1 of its levels.

You collected 31 gold pieces.

Inventory:

Hand Weapons
 a - a +0 falchion of chaos (weapon)
Armour
 b - a +2 leather armour (worn)
Scrolls
 c - a scroll of butterflies
 d - a scroll of fear {unknown}


   Skills:
 + Level 3.0 Fighting
 + Level 3.0 Long Blades
 - Level 1.5 Armour
 - Level 0.7 Dodging


You had one spell level left.
You didn't know any spells.
Your spell library was empty.

Dungeon Overview and Level Annotations

Branches:
Dungeon (1/15)

Altars:


Innate Abilities, Weirdness & Mutations

You have extremely sharp teeth.
Your natural rate of healing is unusually fast.
When hurt, damage is shared between your health and your magic reserves.
Your bite disrupts and absorbs the magic of your enemies.
Potions cannot restore your health.


Message History

The ball python constricts you.
You closely miss the ball python. Your bite misses the ball python.
The ball python is heavily wounded.
The ball python bites you but does no damage.
The ball python barely misses you. The ball python constricts you.
The ball python bites you but does no damage. x2
The ball python constricts you.
You hit the ball python. You burn the ball python.
You kill the ball python!
The ball python barely misses you. The ball python grabs you.
The ball python constricts you.
You closely miss the ball python. The ball python bites you.
The ball python constricts you. The ball python bites you.
The ball python constricts you.
You closely miss the ball python.
The ball python bites you but does no damage.
The ball python constricts you.
You hit the ball python. You burn the ball python.
You kill the ball python!
No target in view!
No target in view!
A goblin comes into view. It is wielding a +0 dagger.
The goblin moves out of view.
Welcome back, Angani the Vine Stalker Chaos Knight.
Xom snickers.
Press ? for a list of commands and other information.
Saving game... please wait.
Welcome back, Angani the Vine Stalker Chaos Knight.
Xom snickers.
Press ? for a list of commands and other information.
Okay, then.
There's nothing to close nearby.
There's nothing to close nearby.
There's nothing to close nearby.
There's nothing to close nearby.
There's nothing to close nearby.
Welcome back, Angani the Vine Stalker Chaos Knight.
Xom snickers.
Press ? for a list of commands and other information.
Are you sure you want to abandon this character and quit the game? (Confirm with "yes".)

... #..## .# #. #..## #
.# #..####...# ...
###.###.........# ....
..............).# ....#
#.... ........†.#
.....###.#.# #.#####...#
#.$.#.#.###.# #...#
.##...@.......#####...#
.......................#
.....###.#.###.#####...#
.... #.#.# # #...# ...
###...###.#####...# ..
+.................# #
###.#..##.#####..##
...##.#### #..#
.....##.##.# ###..#


There were no monsters in sight!

Vanquished Creatures
  A goblin (D:1)
  A hobgoblin (D:1)
  2 quokkas (D:1)
  3 ball pythons (D:1)
  A bat (D:1)
  A frilled lizard (D:1)
  A kobold (D:1)
  A rat (D:1)
11 creatures vanquished.

Notes
Turn   | Place    | Note
-------+----------+-------------------------------------------
     0 | D:1      | Angani the Vine Stalker Chaos Knight began the quest for
                  | the Orb.
     0 | D:1      | Reached XP level 1. HP: 11/11 MP: 2/2
     9 | D:1      | XOM: divination: detect items
   130 | D:1      | Reached XP level 2. HP: 16/16 MP: 3/3
   183 | D:1      | Upgraded the game from 0.31-a0-844-gdc52ec4e09 to
                  | 0.31-a0-1008-g5b978dac0e
   183 | D:1      | Quit the game

Illustrated notes

Levels and vault maps discovered:
D:1:      lightli_arrival_maybe_door_vault, layout_basic,
          nicolae_figureground_pulse

Skill      XL: |  1  2 |
---------------+-------+-----
Fighting       | 3 |  3.0
Long Blades    | 3 |  3.0
Armour         | |  1.5
Dodging        | |  0.7

Action                     || total
---------------------------++-------
  Melee: Falchion          ||    25
 Armour: Leather armour    ||    23
  Dodge: Dodged            ||    12

Table legend: (Time is in decaauts)
 A = Elapsed time spent in this place.
 B = Non-inter-level travel time spent in this place.
 C = Inter-level travel time spent in this place.
 D = Time resting spent in this place.
 E = Time spent auto-exploring this place.
 F = Levels seen in this place.
 G = Mean time per level.
                   A        B        C        D        E       F      G
               +--------+--------+--------+--------+--------+-----+--------+
         Total |    186 |    186 |      0 |      0 |    125 |   1 |  186.0 |
       Dungeon |    186 |    186 |      0 |      0 |    125 |   1 |  186.0 |
               +--------+--------+--------+--------+--------+-----+--------+

Top non-repeatable levels by time:
     D:1: 186 daAuts
